 Dungeon Crawl Stone Soup version 0.30.1-11-g7821555f0a (webtiles) character file.

Game seed: 17292586597789518160

24 ChrisAssaf the Grasshopper (level 3, 0/31 HPs)
             Began as a Gnoll Warper on Nov 12, 2023.
             Killed by nerve-wracking pain
             ... invoked by Jessica
              (3 damage)
             ... on level 2 of the Dungeon.
             The game lasted 00:02:22 (509 turns).

ChrisAssaf the Grasshopper (Gnoll Warper)            Turns: 509, Time: 00:02:22

Health: 0/31       AC:  3    Str: 12    XL:     3   Next: 2%
Magic:  7/9        EV: 12    Int: 12    God:
Gold:   17         SH:  0    Dex: 11    Spells: 10/12 levels left

rFire   . . .        a - +0 hand axe
rCold   . . .        (no shield)
rNeg    . . .        b - +0 leather armour
rPois   .            (no helmet)
rElec   .            (no cloak)
rCorr   .            (no gloves)
SInv    .            (no boots)
Will    .....        (no amulet)
Stlth   +            (no ring)
HPRegen 0.25/turn    (no ring)
MPRegen 0.11/turn

%: no passive effects
@: mighty
A: fangs 1, strong nose, distributed training
a: no special abilities


You were on level 2 of the Dungeon.
You visited 1 branch of the dungeon, and saw 2 of its levels.

You collected 17 gold pieces.

Inventory:

Hand Weapons
 a - a +0 hand axe (weapon)
Missiles
 d - 5 boomerangs of dispersal (quivered)
Armour
 b - a +0 leather armour (worn)
Scrolls
 f - a scroll of teleportation
 g - a scroll of amnesia


   Skills:
 + Level 4.5 Fighting
 + Level 0.6 Short Blades
 + Level 0.6 Long Blades
 + Level 4.5 Axes
 + Level 0.6 Maces & Flails
 + Level 0.6 Polearms
 + Level 0.6 Staves
 + Level 0.6 Ranged Weapons
 + Level 2.5 Throwing
 + Level 2.5 Armour
 + Level 4.5 Dodging
 + Level 0.6 Stealth
 + Level 0.6 Shields
 + Level 0.6 Unarmed Combat
 + Level 5.0 Spellcasting
 + Level 0.4 Conjurations
 + Level 0.4 Hexes
 + Level 0.4 Summonings
 + Level 0.4 Necromancy
 + Level 5.4 Translocations
 + Level 0.4 Transmutations
 + Level 0.4 Fire Magic
 + Level 0.4 Ice Magic
 + Level 0.4 Air Magic
 + Level 0.4 Earth Magic
 + Level 0.4 Poison Magic
 + Level 0.8 Invocations
 + Level 0.6 Evocations


You had 10 spell levels left.
You knew the following spells:

 Your Spells              Type           Power      Damage    Failure   Level
a - Blink                 Tloc           30%        N/A       4%          2

Your spell library contained the following spells:

 Spells                   Type           Power      Damage    Failure   Level
 Lesser Beckoning         Tloc           30%        N/A       4%          2
 Teleport Other           Tloc           15%        N/A       9%          3
 Vhi's Electric Charge    Tloc/Air       20%        N/A       22%         3
 Manifold Assault         Tloc           15%        N/A       28%         4


Dungeon Overview and Level Annotations

Branches:
Dungeon (2/15)

Altars:

Shops:
D:1 ?

Annotations:
D:2 Jessica


Innate Abilities, Weirdness & Mutations

You have very sharp teeth.
Your uncanny sense of smell can sniff out nearby items.
Your experience applies equally to all skills.


Message History

The worm bites you.
Jessica casts a spell.
Jessica blinks!
You hit Jessica. Your bite misses Jessica.
Jessica is almost dead.
You hit the worm. The worm bites you. Jessica hits you with a +0 club.
Blink to where?
Press: ? - help, Dir - move target
As you read the scroll of blinking, it crumbles to dust.
Throw: 7 boomerangs (disperse)
Press: ? - help, Q - select action, (/) - cycle Shift-Dir - straight line, f - worm
Aim: a worm (78% to hit)
You throw a boomerang of dispersal.
The boomerang of dispersal hits the worm and shatters, but does no damage.
Unknown command.
Throw: 6 boomerangs (disperse)
Press: ? - help, Q - select action, (/) - cycle Shift-Dir - straight line, f/p - worm
Aim: a worm (78% to hit)
You throw a boomerang of dispersal.
The boomerang of dispersal hits the worm and shatters, but does no damage.
Jessica casts a spell.
Jessica blinks!
It was a potion of might.
You feel very mighty all of a sudden. The worm bites you!
* * * LOW HITPOINT WARNING * * *
You slash the worm!
The worm is severely wounded.
You slash the worm!
You kill the worm!
Your Spellcasting skill increases to level 5!
You have reached level 3!
Your experience leads to an increase in your attributes!
Increase (S)trength, (I)ntelligence, or (D)exterity?
You feel stronger. x2
Jessica gestures wildly while chanting.
Jessica blinks!
Jessica points at you and mumbles some strange words.
Pain shoots through your body!
You die...

.##.#.^.......)....#
..#.#######.########
#.#.# #.# #[#.# #.#
#.#.# #.#
#$#.#######.#
##.#.........#
#####...##########
....@...ยง@#
#####...#.# ##.##.#
#. #.# #...........
........#######
######..# #..# ..#.


You could see Jessica.

Vanquished Creatures
  A worm (D:2)
  3 ball pythons
  4 endoplasms
  A giant cockroach (D:1)
  3 hobgoblins (D:2)
  3 frilled lizards
  2 kobolds
  3 rats (D:1)
20 creatures vanquished.

Notes
Turn   | Place    | Note
-------+----------+-------------------------------------------
     0 | D:1      | ChrisAssaf the Gnoll Warper began the quest for the Orb.
     0 | D:1      | Reached XP level 1. HP: 20/20 MP: 6/6
   118 | D:1      | Reached XP level 2. HP: 16/26 MP: 7/7
   121 | D:1      | Learned a level 2 spell: Blink
   205 | D:1      | Found Biododoh's Magic Scroll Shoppe.
   488 | D:2      | Noticed Jessica
   504 | D:2      | HP: 1/26 [worm (9)]
   507 | D:2      | Reached skill level 5 in Spellcasting
   507 | D:2      | Reached XP level 3. HP: 2/31 MP: 7/9
   509 | D:2      | Killed from afar by Jessica

Illustrated notes

Levels and vault maps discovered:
D:1:      lemuel_arrival_muddy, layout_loops_cross, serial_shops, shop
D:2:      layout_loops_ring, st_stairs_5, minivault_23, grunt_ministairs_6,
          uniq_jessica

Skill      XL: |  1  2 |
---------------+-------+-----
Spellcasting   | 5 |  5.0
Fighting       | |  4.5
Short Blades   | |  0.6
Long Blades    | |  0.6
Axes           | |  4.5
Maces & Flails | |  0.6
Polearms       | |  0.6
Staves         | |  0.6
Ranged Weapons | |  0.6
Throwing       | |  2.5
Armour         | |  2.5
Dodging        | |  4.5
Stealth        | |  0.6
Shields        | |  0.6
Unarmed Combat | |  0.6
Conjurations   | |  0.4
Hexes          | |  0.4
Summonings     | |  0.4
Necromancy     | |  0.4
Translocations | |  5.4
Transmutations | |  0.4
Fire Magic     | |  0.4
Ice Magic      | |  0.4
Air Magic      | |  0.4
Earth Magic    | |  0.4
Poison Magic   | |  0.4
Invocations    | |  0.8
Evocations     | |  0.6

Action                     || total
---------------------------++-------
  Melee: Hand axe          ||    47
         Bite              ||     4
  Throw: Boomerang         ||     2
    Use: Scroll            ||     3
         Potion            ||     1
 Armour: Leather armour    ||     7
  Dodge: Dodged            ||    34
